 Dungeon Crawl Stone Soup version 0.28-a0-1567-g1695149f81 (webtiles) character file.

Game seed: 18349519592245975911

91 buddhastalin the Cutter (level 4, -1/29 HPs)
             Began as a Kobold Berserker on Jan 19, 2022.
             Was a Believer of Trog.
             Succumbed to an adder's poison
             ... on level 3 of the Dungeon.
             The game lasted 00:02:59 (2262 turns).

buddhastalin the Cutter (Kobold Berserker)          Turns: 2262, Time: 00:02:59

Health: -1/29      AC:  7    Str: 16    XL:     4   Next: 87%
Magic:  4/4        EV: 15    Int:  8    God:    Trog [**....]
Gold:   101        SH:  0    Dex: 14    Spells: 3/3 levels left

rFire   . . .      SeeInvis .   a - +0 short sword
rCold   . . .      Faith    .   (no shield)
rNeg    + . .      Spirit   .   c - +0 leather armour
rPois   .          Reflect  .   (no helmet)
rElec   .          Harm     .   (no cloak)
rCorr   .          Rampage  .   (no gloves)
Will    .....                   (no boots)
Stlth   ++........              (no amulet)
HPRegen 0.09/turn               l - ring of positive energy
MPRegen 0.09/turn               o - +4 ring of protection

@: mighty, brilliant, lethally poisoned (-1 -> -8)
A: small, no large weapons, nightstalker 3
a: Renounce Religion, Berserk, Trog's Hand


You were on level 3 of the Dungeon.
You worshipped Trog.
Trog was pleased with you.
You visited 1 branch of the dungeon, and saw 3 of its levels.

You collected 101 gold pieces.

Inventory:

Hand Weapons
 a - a +0 short sword (weapon)
 d - a +0 long sword
Armour
 c - a +0 leather armour (worn)
Jewellery
 l - a ring of positive energy (left hand)
 o - a +4 ring of protection (right hand)
Scrolls
 f - a scroll of amnesia {unknown}
 h - 2 scrolls of identify {unknown}
 j - 2 scrolls of fear {unknown}
 k - a scroll of teleportation {unknown}
 n - a scroll of enchant weapon {unknown}
Potions
 g - a potion of mutation {unknown}
 i - a potion of curing {unknown}
 m - a potion of haste {unknown}


   Skills:
 + Level 4.0 Fighting
 * Level 5.6 Short Blades
 - Level 1.5 Armour
 + Level 3.4 Dodging


You had 3 spell levels left.
You didn't know any spells.
Your spell library was empty.

Dungeon Overview and Level Annotations

Branches:
Dungeon (3/15)

Altars:


Innate Abilities, Weirdness & Mutations

You are small and have problems with some larger weapons.
You are completely attuned to the shadows.


Message History

The adder poisons you!
You miss the adder. Your punch misses the adder.
You feel sick. The adder closely misses you.
You hit the adder but do no damage.
You feel sick. The adder barely misses you.
You hit the adder but do no damage.
You feel sick. The adder closely misses you.
You barely miss the adder.
You feel sick. The adder bites you.
You are more poisoned.
The adder poisons you!
You barely miss the adder.
You feel sick. The adder bites you.
You are more poisoned.
The adder poisons you!
You hit the adder.
The adder is moderately wounded.
You feel very sick. The adder barely misses you.
You hit the adder.
The adder is moderately wounded.
You feel sick. The adder completely misses you.
You closely miss the adder.
The adder is moderately wounded.
You feel sick. The adder closely misses you.
You closely miss the adder.
The adder is moderately wounded.
You feel sick. The adder misses you.
You barely miss the adder.
The adder is moderately wounded.
You feel sick. The adder bites you.
* * * LOW HITPOINT WARNING * * *
You are more poisoned.
The adder poisons you!
It was a potion of might.
You feel very mighty all of a sudden.
* * * LOW HITPOINT WARNING * * *
You feel sick. The adder bites you.
* * * LOW HITPOINT WARNING * * *
The adder barely misses you.
It was a potion of brilliance.
You feel clever all of a sudden.
You die...

#......##........##...
##.....##........##...
.......###.......#####
........#
#........#...
........#
#........#... .......#
##.......#...
.......####.......#...
..................#...
.####@..(......#......
#S..........>.....
#.................
#......###........
..................
####............
#............
#............
#............


You could see an adder.

Vanquished Creatures
  3 adders
  A worm (D:2)
  2 dart slugs
  2 orcs (D:3)
  3 endoplasms
  6 giant cockroaches
  4 goblins
  3 hobgoblins
  7 jackals
  2 kobolds
  2 quokkas
  3 ball pythons
  4 bats
  5 frilled lizards (D:1)
  8 rats
55 creatures vanquished.

Notes
Turn   | Place    | Note
-------+----------+-------------------------------------------
     0 | D:1      | buddhastalin the Kobold Berserker began the quest for the
                  | Orb.
     0 | D:1      | Reached XP level 1. HP: 14/14 MP: 1/1
   259 | D:1      | Reached XP level 2. HP: 19/19 MP: 2/2
   403 | D:1      | Reached XP level 3. HP: 15/23 MP: 3/3
   992 | D:2      | Reached ** piety under Trog
   993 | D:2      | Reached skill level 5 in Short Blades
  1030 | D:2      | Reached XP level 4. HP: 22/29 MP: 4/4
  1760 | D:3      | Found a faded altar of an unknown god.
  2261 | D:3      | HP: 1/29 [adder (1)]
  2262 | D:3      | Succumbed to an adder's poison

Illustrated notes

Levels and vault maps discovered:
D:1:      sevenhm_arrival_forest_fort_small_5, layout_basic, minmay_pentomino_z2
D:2:      layout_rooms, kennysheep_nondescript
D:3:      layout_basic, hellmonk_ecumenical_altar_leap_of_faith, minivault_19,
          chequers_jeans, uniq_crazy_yiuf_cottage, uniq_natasha

Skill      XL: |  1  2  3  4 |
---------------+-------------+-----
Dodging        | 3 |  3.4
Short Blades   | 5 |  5.6
Fighting       | 4 |  4.0
Armour         | |  1.5

Action                   |  1- 3 |  4- 6 || total
-------------------------+-------+-------++-------
Melee: Short sword       |   109 |    94 ||   203
       Punch             |     1 |       ||     1
Invok: Berserk           |     1 |       ||     1
  Use: Potion            |       |     2 ||     2
 Stab: Sleeping          |     9 |    13 ||    22
       Distracted        |       |     1 ||     1
Armor: Leather armour    |    19 |    16 ||    35
Dodge: Dodged            |    66 |    62 ||   128

Table legend: (Time is in decaauts)
 A = Elapsed time spent in this place.
 B = Non-inter-level travel time spent in this place.
 C = Inter-level travel time spent in this place.
 D = Time resting spent in this place.
 E = Time spent auto-exploring this place.
 F = Levels seen in this place.
 G = Mean time per level.
                   A        B        C        D        E       F      G
               +--------+--------+--------+--------+--------+-----+--------+
         Total |   2248 |   2214 |     34 |    683 |   1130 |   3 |  749.3 |
       Dungeon |   2248 |   2214 |     34 |    683 |   1130 |   3 |  749.3 |
               +--------+--------+--------+--------+--------+-----+--------+

Top non-repeatable levels by time:
     D:1: 980 daAuts
     D:2: 772 daAuts
     D:3: 495 daAuts
